 Dungeon Crawl Stone Soup version 0.29-a0-1027-gcd8c55af63 (webtiles) character file.

Game seed: 13145531158301229916

8565 drugrobin the Cleaver (level 10, -1/93 HPs)
             Began as a Demigod Delver on Aug 13, 2022.
             Slain by a death yak (15 damage)
             ... on level 9 of the Dungeon.
             The game lasted 00:37:58 (15844 turns).

drugrobin the Cleaver (Demigod Delver)             Turns: 15844, Time: 00:37:59

Health: -1/93      AC: 13    Str: 25    XL:     10   Next: 87%
Magic:  4/21       EV: 11    Int: 15    God:
Gold:   179        SH:  0    Dex: 15    Spells: 12/19 levels left

rFire   + . .      SeeInvis .   a - +6 flail of Jifun {vorpal, rN+ Int+3}
rCold   . . .      Faith    .   (no shield)
rNeg    + . .      Spirit   .   u - quicksilver dragon scales
rPois   .          Reflect  .   p - +0 helmet
rElec   .          Harm     .   B - +1 cloak {Stlth+}
rCorr   .          Rampage  .   (no gloves)
Will    ++...                   S - +0 pair of boots {rF+}
Stlth   +++.......              (no amulet)
HPRegen 0.25/turn               (no ring)
MPRegen 0.17/turn               (no ring)

@: very slightly contaminated
A: high MP 1, forlorn, divine attributes
a: no special abilities


You were on level 9 of the Dungeon.
You visited 1 branch of the dungeon, and saw 9 of its levels.

You collected 482 gold pieces.
You spent 303 gold pieces at shops.

Inventory:

Hand Weapons
 a - the +6 flail of Jifun (weapon) {vorpal, rN+ Int+3}
   (You found it on level 5 of the Dungeon)

   It inflicts extra damage upon your enemies.
   Int:       It affects your intelligence (+3).
   rN:        It protects you from negative energy.
 b - a +1 whip of electrocution
 c - a +3 quarterstaff of chaos
 d - a +0 war axe of venom
 e - a +1 dagger of venom
 O - a +4 scimitar of flaming
Missiles
 h - 28 stones (quivered)
 D - a javelin
 F - 21 poisoned darts
Armour
 p - a +0 helmet (worn)
 u - quicksilver dragon scales (worn)
 B - a +1 cloak of stealth (worn)
 S - a +0 pair of boots of fire resistance (worn)
Jewellery
 R - a ring of protection from cold
Wands
 g - a wand of digging (3)
 C - a wand of charming (13)
 L - a wand of mindburst (10)
 M - a wand of quicksilver (6)
 N - a wand of roots (6)
Scrolls
 i - 2 scrolls of magic mapping
 k - 3 scrolls of amnesia {unknown}
 m - 2 scrolls of enchant weapon {unknown}
 n - 5 scrolls of identify {unknown}
 o - 2 scrolls of fog
 q - 2 scrolls of torment {unknown}
 s - 5 scrolls of teleportation {unknown}
 v - a scroll of summoning {unknown}
 y - a scroll of vulnerability {unknown}
 z - 2 scrolls of immolation {unknown}
 A - 3 scrolls of brand weapon
 J - a scroll of acquirement {unknown}
 P - a scroll of noise {unknown}
Potions
 f - 2 potions of haste
 j - 4 potions of curing
 l - 4 potions of heal wounds {unknown}
 r - 3 potions of flight {unknown}
 t - a potion of ambrosia {unknown}
 w - 2 potions of mutation {unknown}
 x - 2 potions of brilliance {unknown}
 G - 2 potions of resistance {unknown}
 H - a potion of lignification {unknown}
 I - a potion of berserk rage
 K - a potion of magic


   Skills:
 + Level 10.2 Fighting
 + Level 11.2 Axes
 - Level 1.7 Dodging
 - Level 4.5 Stealth
 + Level 5.3 Spellcasting


You had 12 spell levels left.
You knew the following spells:

 Your Spells              Type           Power      Damage    Failure   Level
a - Wereblood             Tmut           4%         N/A       36%         2
b - Conjure Flame         Conj/Fire      4%         6-21      58%         3
c - Searing Ray           Conj           8%         2d4       36%         2

Your spell library contained the following spells:

 Spells                   Type           Power      Damage    Failure   Level
 Magic Dart               Conj           16%        1d3       24%         1
 Ensorcelled Hibernation  Hex/Ice        8%         N/A       36%         2
 Sublimation of Blood     Necr           4%         N/A       36%         2
 Confusing Touch          Hex            4%         N/A       58%         3
 Ignite Poison            Fire/Tmut/Pois 4%         N/A       58%         3
 Spider Form              Tmut/Pois      4%         N/A       58%         3
 Anguish                  Hex/Necr       2%         N/A       94%         4
 Fulminant Prism          Conj/Hex       2%         3d6       94%         4
 Petrify                  Tmut/Erth      4%         N/A       94%         4
 Sticky Flame             Conj/Fire      4%         2d3       94%         4
 Irradiate                Conj/Tmut      2%         3d12      100%        5
 Summon Forest            Summ/Tloc      2%         N/A       100%        5
 Yara's Violent Unravell  Hex/Tmut       2%         3d3       100%        5
 Eringya's Noxious Bog    Tmut/Pois      2%         N/A       100%        6
 Enfeeble                 Hex            2%         N/A       100%        7
 Summon Hydra             Summ           2%         N/A       100%        7


Dungeon Overview and Level Annotations

Branches:
Dungeon (9/15)             Temple (0/1) D:7            Lair (0/5) D:9
    Orc: D:9-12

Shops:
D:3 *   D:6 (   D:9 *

Annotations:
D:8 Grum


Innate Abilities, Weirdness & Mutations

You have an increased reservoir of magic. (+10% MP)
You shall have no god before yourself.
Your divine heritage dramatically boosts your attributes as you level up.


Message History

The searing ray hits the yak.
The yak is moderately wounded.
The searing ray hits the death yak but does no damage.
The death yak is lightly wounded.
You finish channelling your searing ray.
The death yak gores you!
* * * LOW HITPOINT WARNING * * *
Unknown command.
Unknown command.
Unknown command.
Unknown command.
Unknown command.
Unknown command.
Unknown command.
Unknown command.
Unknown command.
Throw: 23 darts (poison)
Press: ? - help, Shift-Dir - straight line, f/p - death yak
Aim: a death yak (moderately wounded, very poisoned, 81% to hit)
You throw a poisoned dart. The poisoned dart hits the death yak.
The death yak is moderately wounded.
The death yak gores you but does no damage.
Unknown command.
Unknown command.
Unknown command.
Throw: 22 darts (poison)
Press: ? - help, Shift-Dir - straight line, f/p - death yak
Aim: a death yak (moderately wounded, very poisoned, 81% to hit)
You throw a poisoned dart. The poisoned dart hits the death yak.
The death yak is moderately wounded.
The death yak gores you!
* * * LOW HITPOINT WARNING * * *
Unknown command.
Unknown command.
As you read the scroll labelled HEGHEA KALA, it crumbles to dust.
It is a scroll of brand weapon.
Your +0 war axe drips with poison.
d - a +0 war axe of venom The death yak gores you!
You die...

Y≈.Y##...##.#####..#♣§§♣♣#.......
.≈..##..###.# #..##♣♣.##.......
.≈.....Y###.# #..#######.##....
§≈......>...# #..........##....
§≈...<......# #..........##....
§≈.......Y..# #..........##....
≈≈..........# #..........##....
...........Y#####..........##.###
#..........YYYYY@..........##.# #
...........Y#####[.........##.# #
............# #..........##.# #
##..........# #..........##.# #
#..........# #..........##.###
#.########## ##..####...##....
#.# #..# #......... #.# #..#
#......... #.# #..# #...#...#.


You could see 2 death yaks and 5 yaks.

Vanquished Creatures
  Erica (D:8)
  A death yak (D:8)
  Pikel (D:4)
  Joseph (D:8)
  The ghost of ytrimaz the Cleaver, a novice DsBe of Trog (D:5)
  Prince Ribbit (D:8)
  2 wyverns
  10 yaks
  A wraith (D:9)
  Duvessa (D:4)
  4 orc warriors
  3 water moccasins (D:5)
  A black bear (D:8)
  An ogre (D:4)
  A centaur (D:8)
  3 lemures (D:5)
  A wyvern zombie (D:5)
  2 kobold brigands (D:7)
  Blork the orc (D:5)
  A gnoll sergeant (D:7)
  5 scorpions
  4 bullfrogs
  A necrophage (D:6)
  A water moccasin zombie (D:5)
  9 wights (D:8)
  Dowan (D:4)
  7 killer bees
  4 howler monkeys
  A centaur zombie (D:5)
  3 hounds
  6 orc priests
  A jelly (D:7)
  Crazy Yiuf (D:3)
  A gnoll bouda (D:6)
  Jessica (D:2)
  Ijyb (D:5)
  11 orc wizards
  3 iguanas
  4 hell rats
  15 gnolls
  6 river rats
  2 adders (D:4)
  A shadow imp (D:7)
  2 ufetubi (D:6)
  3 worms
  3 dart slugs
  43 orcs
  14 endoplasms
  7 giant cockroaches
  5 goblins
  4 hobgoblins
  4 jackals (D:2)
  8 quokkas
  7 ball pythons
  2 bats
  3 frilled lizards
  18 kobolds
  17 rats
267 creatures vanquished.

Vanquished Creatures (collateral kills)
  A killer bee (D:8)
1 creature vanquished.

Grand Total: 268 creatures vanquished

Notes
Turn   | Place    | Note
-------+----------+-------------------------------------------
     0 | D:5      | drugrobin the Demigod Delver began the quest for the Orb.
     0 | D:5      | Reached XP level 1. HP: 18/18 MP: 3/3
    82 | D:5      | Noticed a water moccasin
   142 | D:5      | Noticed a wyvern zombie
   168 | D:6      | Noticed a scorpion
   295 | D:5      | Noticed a wyvern
   368 | D:5      | Noticed an iguana
   387 | D:5      | Noticed Blork the orc
   404 | D:5      | Found a transporter.
   404 | D:5      | Found a transporter.
   404 | D:5      | Noticed ytrimaz's ghost (novice DsBe)
   463 | D:5      | Noticed a lemure
   562 | D:4      | Noticed a scorpion
   588 | D:4      | Noticed Duvessa
   588 | D:4      | Noticed Dowan
   733 | D:4      | Reached skill level 2 in Axes
   758 | D:4      | Noticed an ogre
  1235 | D:3      | Noticed an orc priest
  1272 | D:4      | Reached XP level 2. HP: 25/25 MP: 4/4
  1321 | D:4      | Reached skill level 3 in Axes
  1321 | D:4      | Reached XP level 3. HP: 11/30 MP: 5/5
  1804 | D:4      | Reached skill level 4 in Axes
  1808 | D:4      | Reached XP level 4. HP: 11/37 MP: 6/6
  2283 | D:4      | Reached skill level 5 in Axes
  2283 | D:4      | Reached XP level 5. HP: 11/42 MP: 7/7
  2286 | D:4      | HP: 2/63 [gnoll/+0 spear (4)]
  4298 | D:2      | Noticed Jessica
  4305 | D:2      | Killed Jessica
  5722 | D:2      | Reached XP level 6. HP: 30/51 MP: 8/8
  6167 | D:3      | Found a runed translucent door.
  6168 | D:3      | Noticed Crazy Yiuf
  6333 | D:3      | Found Ihetonoxt's Assorted Antiques.
  6340 | D:3      | Bought a scroll labelled SOL VERYCKI for 22 gold pieces
  6340 | D:3      | Bought a scroll labelled VAOZUPNAPSON for 22 gold pieces
  6340 | D:3      | Bought a scroll labelled NINORR AFYFF for 22 gold pieces
  6340 | D:3      | Bought a scroll labelled HEGHEA KALA for 22 gold pieces
  6509 | D:3      | Killed Crazy Yiuf
  6687 | D:4      | Reached skill level 6 in Axes
  6963 | D:3      | Bought 3 scrolls labelled HEGHEA KALA for 66 gold pieces
  7107 | D:5      | Killed a water moccasin
  7107 | D:5      | Noticed Pikel
  7369 | D:4      | Killed Pikel
  7370 | D:4      | Reached skill level 5 in Fighting
  7370 | D:4      | Reached skill level 7 in Axes
  7370 | D:4      | Reached XP level 7. HP: 31/61 MP: 9/9
  7631 | D:5      | Identified the +6 flail of Jifun {vorpal, rN+ Int+3}
  7832 | D:5      | Noticed Ijyb
  7947 | D:5      | Killed Ijyb
  7997 | D:5      | Reached XP level 8. HP: 46/70 MP: 10/10
  8284 | D:5      | Learned a level 2 spell: Wereblood
  8352 | D:6      | Reached skill level 8 in Axes
  8368 | D:6      | Found Vithrege's Weapon Boutique.
  9445 | D:5      | Killed Blork the orc
  9446 | D:5      | Reached skill level 9 in Axes
  9507 | D:5      | Reached XP level 9. HP: 75/80 MP: 11/11
  9605 | D:5      | Killed ytrimaz's ghost
  9778 | D:5      | Learned a level 3 spell: Conjure Flame
  9950 | D:4      | Killed Duvessa
  9955 | D:4      | Killed Dowan
  9956 | D:4      | Reached skill level 1 in Spellcasting
 10095 | D:4      | Learned a level 2 spell: Searing Ray
 11388 | D:7      | Found a staircase to the Ecumenical Temple.
 11475 | D:8      | Noticed Grum
 11481 | D:8      | Noticed Prince Ribbit
 11500 | D:8      | Reached skill level 10 in Axes
 11505 | D:8      | Killed Prince Ribbit
 12166 | D:8      | Reached XP level 10. HP: 71/90 MP: 18/18
 12364 | D:8      | Noticed Erica
 12373 | D:8      | Killed Erica
 13164 | D:8      | Noticed Joseph
 13171 | D:8      | Killed Joseph
 13438 | D:9      | Noticed a death yak
 14013 | D:9      | Reached skill level 10 in Fighting
 14243 | D:9      | Reached skill level 11 in Axes
 14243 | D:9      | Reached skill level 5 in Spellcasting
 14533 | D:9      | Found a staircase to the Lair.
 14602 | D:9      | Found Lemecres's Fire Supplies.
 14616 | D:9      | Bought a +0 pair of boots of fire resistance for 149 gold
                  | pieces
 14752 | D:9      | Noticed a death yak
 14765 | D:9      | Noticed a death yak
 15235 | D:8      | Killed a death yak
 15844 | D:9      | Slain by a death yak

Illustrated notes

Levels and vault maps discovered:
D:1:      minmay_arrival_checkered_box, layout_basic, interstate_on_off,
          minmay_close_crescents
D:2:      minmay_recursive_quarters, layout_loops_corners,
          shapermc_ecumenical_altar_petra, uniq_jessica
D:3:      layout_basic, lemuel_coloured_pillars_altar, serial_shops,
          nicolae_shop_hallway_plus, uniq_crazy_yiuf_cottage
D:4:      layout_basic, makhleb_blood_cavern_becter, old_standard_altar,
          nicolae_hexahallways, uniq_duvessa
D:5:      layout_basic, nicolae_overflow_crystal_walls,
          gammafunk_ghost_mausoleum, minmay_crystal_room, uniq_ijyb, uniq_pikel,
          uniq_blork_the_orc
D:6:      layout_rooms, lemuel_crystal_altar, serial_shops,
          nicolae_shop_temple_entry_statues_fountains
D:7:      layout_cave_pools, lemuel_temple_firewalk_a
D:8:      lemuel_ratsnest, layout_basic, nicolae_overflow_hidden_temple,
          chequers_serial_rivers_micro_c, uniq_joseph, uniq_erica,
          uniq_prince_ribbit1, uniq_grum
D:9:      layout_long_grid, mainiacjoe_overflow_concentric_impassable,
          zin_statuary, lemuel_crystal_altar, dpeg_lair_monsters,
          nicolae_shop_fire_sale [nicolae_sub_dead_trees], st_stairs_5,
          kennysheep_generic_room_16

Skill      XL: |  1  2  3  4  5  6  7  8  9 10 |
---------------+-------------------------------+-----
Axes           | 2 3 4 5 7 9 10 11 | 11.2
Fighting       | 3 5 6 7 9 10 | 10.2
Spellcasting   | 3 5 |  5.3
Dodging        | |  1.7
Stealth        | |  4.5

Action                   |  1- 3 |  4- 6 |  7- 9 | 10-12 || total
-------------------------+-------+-------+-------+-------++-------
Melee: Hand axe          |    68 |    38 |       |       ||   106
       Punch             |     2 |     4 |     2 |     8 ||    16
       Whip              |       |   250 |     2 |       ||   252
       Quarterstaff      |       |     5 |       |       ||     5
       Flail             |       |       |   265 |   256 ||   521
       War axe           |       |       |    42 |       ||    42
Throw: Dart              |       |     4 |     1 |    15 ||    20
       Boomerang         |       |     5 |       |       ||     5
       Javelin           |       |     5 |     5 |       ||    10
       Stone             |       |       |    26 |    21 ||    47
       Throwing net      |       |       |       |     1 ||     1
 Cast: Searing Ray       |       |       |       |     3 ||     3
Evoke: Wand              |       |       |     2 |     1 ||     3
  Use: Scroll            |     1 |       |       |     4 ||     5
       Potion            |     2 |     4 |     1 |       ||     7
 Stab: Sleeping          |       |     4 |    12 |     2 ||    18
       Distracted        |       |       |       |     2 ||     2
Armor: Plate armour      |    42 |    46 |       |       ||    88
       Quicksilver drago |       |    79 |   159 |    91 ||   329
Dodge: Dodged            |    25 |   114 |   194 |   129 ||   462

Table legend: (Time is in decaauts)
 A = Elapsed time spent in this place.
 B = Non-inter-level travel time spent in this place.
 C = Inter-level travel time spent in this place.
 D = Time resting spent in this place.
 E = Time spent auto-exploring this place.
 F = Levels seen in this place.
 G = Mean time per level.
                   A        B        C        D        E       F      G
               +--------+--------+--------+--------+--------+-----+--------+
         Total |  15930 |  14864 |   1066 |   3979 |   6782 |   9 | 1770.0 |
       Dungeon |  15930 |  14864 |   1066 |   3979 |   6782 |   9 | 1770.0 |
               +--------+--------+--------+--------+--------+-----+--------+

Top non-repeatable levels by time:
     D:4: 3308 daAuts
     D:8: 3107 daAuts
     D:5: 1877 daAuts
     D:2: 1662 daAuts
     D:9: 1350 daAuts
     D:1: 1213 daAuts
     D:3: 1212 daAuts
     D:6: 1123 daAuts
     D:7: 1074 daAuts
